 Dungeon Crawl Stone Soup version 0.31-a0-214-gb37851dbb3 (webtiles) character file.

Game seed: 2909183986463808119

624 qw the Shooter (level 7, -9/60 HPs)
             Began as a Minotaur Hexslinger on July 1, 2023.
             Mangled by a mummy (10 damage)
             ... in an ossuary.
             The game lasted 00:01:33 (3688 turns).

qw the Shooter (Minotaur Hexslinger)                Turns: 3688, Time: 00:01:33

Health: -9/60      AC:  7    Str: 13    XL:     7   Next: 22%
Magic:  7/7        EV: 11    Int: 10    God:
Gold:   201        SH:  0    Dex: 14    Spells: 7/8 levels left

rFire   . . .        Y - +2 sling
rCold   . . .        (no shield)
rNeg    + . .        h - +2 ring mail {Will+}
rPois   .            (helmet restricted)
rElec   .            (no cloak)
rCorr   .            (no gloves)
SInv    .            (no boots)
Will    +....        f - amulet of faith
Stlth   +            g - ring of positive energy
HPRegen 0.30/turn    (no ring)
MPRegen 0.10/turn

%: faith
@: about to teleport
A: horns 2, retaliatory headbutt
a: no special abilities


You were in an ossuary.
You visited 1 branch of the dungeon, and saw 4 of its levels.
You also visited: Ossuary.

You collected 201 gold pieces.


Innate Abilities, Weirdness & Mutations

You have a pair of horns on your head.
You reflexively headbutt those who attack you in melee.


   Skills:
 - Level 4.3 Fighting
 + Level 7.7 Ranged Weapons
 - Level 1.5 Armour
 - Level 2.1 Dodging
 - Level 1.0 Spellcasting
 - Level 2.0 Hexes


You had 7 spell levels left.
You knew the following spells:

 Your Spells              Type           Power      Damage    Failure   Level
a - Slow                  Hex            16%        N/A       32%         1

Your spell library contained the following spells:

 Spells                   Type           Power      Damage    Failure   Level
 Inner Flame              Hex/Fire       2%         N/A       82%         3
 Portal Projectile        Hex/Tloc       4%         N/A       82%         3
 Cause Fear               Hex            2%         N/A       97%         4

Inventory:

Hand Weapons
 Y - a +2 sling (weapon)
Armour
 h - a +2 ring mail of willpower (worn)
Jewellery
 f - an amulet of faith (around neck)
 g - a ring of positive energy (left hand)
Scrolls
 b - a scroll of teleportation
 d - a scroll of identify

Dungeon Overview and Level Annotations

Branches:
Dungeon (4/15)             Temple (0/1) D:4         Ossuary (1/1)

Altars:
Xom


Message History

You shoot a sling bullet. The sling bullet hits the mummy.
The mummy is lightly damaged.
You shoot a sling bullet.
The sling bullet barely misses the mummy.
The mummy barely misses you. You furiously retaliate!
You headbutt the mummy. You shoot a sling bullet.
The sling bullet hits the mummy.
The mummy is moderately damaged.
You shoot a sling bullet. The sling bullet hits the mummy.
The mummy is heavily damaged.
You shoot a sling bullet. The sling bullet hits the mummy.
The mummy is heavily damaged.
The mummy hits you! The mummy hits you but does no damage.
You shoot a sling bullet. The sling bullet hits the mummy.
The mummy is severely damaged.
The mummy hits you! The mummy closely misses you. You furiously retaliate!
You headbutt the mummy. You shoot a sling bullet.
The sling bullet hits the mummy but does no damage.
The mummy is severely damaged.
The mummy closely misses you.
You shoot a sling bullet.
The sling bullet barely misses the mummy.
The mummy hits you.
You shoot a sling bullet.
The sling bullet hits the mummy but does no damage.
The mummy is severely damaged.
The mummy hits you! The mummy hits you.
3685 ||| READING 2 scrolls of teleportation.
As you read the scroll of teleportation, it crumbles to dust.
You feel strangely unstable. The mummy hits you.
You shoot a sling bullet. The sling bullet hits the mummy!
You destroy the mummy!
The mummy hits you!
You shoot a sling bullet. The sling bullet hits the mummy.
The mummy is moderately damaged.
You shoot a sling bullet. The sling bullet hits the mummy.
The mummy is moderately damaged.
The mummy hits you!
You die...

####### ###########
..#...#!!?!#...#...#
..'.\.#!$!!+.\.M...#
..#...#!???# #@..#
..##### ### #...#
..# #...# #'# ###'#
..# #...# ..# #...#
..# #...# ..# #...#
#'# #'###


You could see a mummy.

Vanquished Creatures
  4 water moccasin zombies (Ossuary)
  A scorpion (D:4)
  A hound (D:4)
  A jelly (D:4)
  Natasha (thrice) (D:2)
  An orc wizard (D:3)
  2 mummies
  5 adders
  4 adder zombies (Ossuary)
  4 dart slugs
  6 orcs
  5 ball pythons
  3 endoplasms
  6 giant cockroaches
  5 gnoll zombies (Ossuary)
  5 goblins
  9 hobgoblins
  5 quokkas
  6 bats
  3 frilled lizards
  4 hobgoblin zombies (Ossuary)
  10 kobolds
  3 kobold zombies (Ossuary)
  4 orc zombies (Ossuary)
  5 rats
105 creatures vanquished.

Notes
Turn   | Place    | Note
-------+----------+-------------------------------------------
     0 | D:1      | qw the Minotaur Hexslinger began the quest for the Orb.
     0 | D:1      | Reached XP level 1. HP: 16/16 MP: 1/1
     0 | D:1      | 0 ||| qw: Version: 0.3-a-32-g5962c71
     0 | D:1      | 0 ||| qw: Game counter: 7520
     0 | D:1      | 0 ||| qw: Melee chars always use a shield: true
     0 | D:1      | 0 ||| qw: God list: Okawaru
     0 | D:1      | 0 ||| qw: Allow faded altars: false
     0 | D:1      | 0 ||| qw: Do Orc after clearing Dungeon:15 true
     0 | D:1      | 0 ||| qw: Do second Lair branch before Depths: true
     0 | D:1      | 0 ||| qw: Lair rune preference: random
     0 | D:1      | 0 ||| qw: Goals: Normal
     0 | D:1      | 0 ||| PLANNING D:1-11
   154 | D:1      | Reached skill level 3 in Ranged Weapons
   154 | D:1      | Reached XP level 2. HP: 23/23 MP: 2/2
   660 | D:1      | Reached XP level 3. HP: 29/29 MP: 3/3
   684 | D:1      | 684 ||| FLEEEEING.
   887 | D:1      | 887 ||| UPGRADING to amulet of faith.
   892 | D:1      | 892 ||| READING scroll labelled SEEGIEK QIENU.
   896 | D:1      | 896 ||| READING scroll labelled URISAG BUKHLO.
   897 | D:1      | 897 ||| DROPPING scroll of poison.
  1097 | D:2      | Reached skill level 4 in Ranged Weapons
  1277 | D:2      | Found a shimmering altar of Xom.
  1333 | D:2      | Reached XP level 4. HP: 36/36 MP: 4/4
  1504 | D:2      | Noticed Natasha
  1512 | D:2      | Killed Natasha
  1513 | D:2      | Reached skill level 5 in Ranged Weapons
  1518 | D:2      | HP: 9/36 [poisoned by an adder]
  1519 | D:2      | 1519 ||| READING 3 scrolls of teleportation.
  1522 | D:2      | HP: 4/36 [poisoned by an adder]
  1579 | D:2      | Noticed Natasha
  1586 | D:2      | Killed Natasha
  1593 | D:2      | 1593 ||| FLEEEEING.
  1594 | D:2      | 1594 ||| STAIRDANCE
  1647 | D:1      | 1647 ||| UPGRADING to +0 ring mail.
  1657 | D:1      | 1657 ||| DROPPING +0 robe.
  1658 | D:1      | 1658 ||| READING scroll labelled PEL ULIGUO.
  1704 | D:2      | Noticed Natasha
  1708 | D:2      | Killed Natasha
  1709 | D:2      | Reached skill level 1 in Armour
  1709 | D:2      | Reached XP level 5. HP: 44/44 MP: 5/5
  1791 | D:2      | Reached skill level 3 in Fighting
  2010 | D:3      | Identified the +0 robe of Misanthropy {rC+ rCorr Str-3}
  2833 | D:3      | 2833 ||| UPGRADING to +0 robe of Misanthropy {rC+ rCorr
                  | Str-3}.
  2843 | D:3      | 2843 ||| DROPPING +0 ring mail.
  2844 | D:3      | 2844 ||| UPGRADING to +2 ring mail of willpower.
  2854 | D:3      | 2854 ||| DROPPING +0 robe of Misanthropy {rC+ rCorr Str-3}.
  2855 | D:3      | 2855 ||| READING scroll labelled FEQUBE IPRIE.
  2856 | D:3      | 2856 ||| READING scroll labelled CORU OHODA.
  2857 | D:3      | 2857 ||| DRINKING 2 ruby potions.
  2858 | D:3      | 2858 ||| READING 4 scrolls of identify.
  2858 | D:3      | 2858 ||| IDENTIFYING fuming orange potion
  2859 | D:3      | 2859 ||| DROPPING potion of brilliance.
  2860 | D:3      | 2860 ||| DROPPING potion of attraction.
  2883 | D:4      | 2883 ||| PLANNING OSSUARY
  2927 | D:4      | Found a staircase to the Ecumenical Temple.
  2971 | D:4      | Reached skill level 6 in Ranged Weapons
  3003 | D:4      | Reached XP level 6. HP: 48/51 MP: 6/6
  3225 | D:4      | Found a sand-covered staircase.
  3330 | D:4      | 3330 ||| UPGRADING to ring of positive energy.
  3331 | D:4      | 3331 ||| READING scroll labelled ZEQA PYFORCHUNK.
  3432 | D:4      | 3432 ||| READING 3 scrolls of identify.
  3432 | D:4      | 3432 ||| IDENTIFYING dark potion
  3433 | D:4      | 3433 ||| READING 2 scrolls of identify.
  3433 | D:4      | 3433 ||| IDENTIFYING purple potion
  3434 | D:4      | 3434 ||| DROPPING potion of degeneration.
  3435 | D:4      | 3435 ||| DROPPING potion of lignification.
  3439 | Ossuary  | Entered an ossuary
  3485 | Ossuary  | Reached skill level 7 in Ranged Weapons
  3600 | Ossuary  | Reached XP level 7. HP: 55/60 MP: 7/7
  3684 | Ossuary  | HP: 13/60 [mummy (10)]
  3685 | Ossuary  | 3685 ||| READING 2 scrolls of teleportation.
  3686 | Ossuary  | HP: 1/60 [mummy (11)]
  3688 | Ossuary  | Mangled by a mummy

Levels and vault maps discovered:
D:1:      co_arrival_square_in_a_square_in_a_square, layout_basic
D:2:      kennysheep_big_flooded_room, layout_basic, basic_altar,
          chequers_serial_rivers_large_a, kennysheep_crisscross,
          wander_ebering_terrifying_dragon_lair, uniq_natasha
D:3:      layout_basic, grunt_ministairs_6, corexii_shack
D:4:      layout_cave_pools, tso_altar, minmay_temple_entry_mist,
          nicolae_ossuary_entry_giza, hangedman_minor_gate_pass
Ossuary:  ossuary_tomb_2

Skill      XL: |  1  2  3  4  5  6 |
---------------+-------------------+-----
Ranged Weapons | 3 4 5 6 7 |  7.7
Fighting       | 2 3 4 |  4.3
Armour         | 1 |  1.5
Dodging        | |  2.1
Spellcasting   | |  1.0
Hexes          | |  2.0

Action                     |  1- 3 |  4- 6 |  7- 9 || total
---------------------------+-------+-------+-------++-------
   Fire: Sling             |   125 |   199 |    56 ||   380
    Use: Scroll            |     2 |     8 |     1 ||    11
         Potion            |       |     1 |       ||     1
 Armour: Robe              |     5 |     7 |       ||    12
         Ring mail         |       |    39 |    16 ||    55
  Dodge: Dodged            |    26 |    70 |    20 ||   116

Table legend:
 A = Non-vault XP
 B = Vault XP
 C = Vault XP percentage of total XP
 D = Non-vault monster count
 E = Vault monster count
 F = Vault count percentage of total count
                 A         B        C        D         E       F
            +---------+---------+-------+---------+---------+-------
      Total |     454 |     438 |  49.1 |      72 |      33 |  31.4
            +---------+---------+-------+---------+---------+-------
        D:1 |      47 |       0 |   0.0 |      26 |       0 |   0.0
        D:2 |     146 |      39 |  21.1 |      23 |       4 |  14.8
        D:3 |      83 |       7 |   7.8 |      14 |       3 |  17.6
        D:4 |     178 |      18 |   9.2 |       9 |       1 |  10.0
    Ossuary |       0 |     374 | 100.0 |       0 |      25 | 100.0
            +---------+---------+-------+---------+---------+-------
